 Dungeon Crawl Stone Soup version 0.26.0-45-g9c1d065592 (webtiles) character file.

Game seed: 3417053814029106287

217 kaeus the Stinger (level 5, -7/58 HPs)
             Began as a Gnoll Venom Mage on Jan 30, 2021.
             Killed by divine providence
             ... invoked by an orc priest
              (10 damage)
             ... on level 4 of the Dungeon.
             The game lasted 00:03:34 (3744 turns).

kaeus the Stinger (Gnoll Venom Mage)                Turns: 3744, Time: 00:03:35

Health: -7/58      AC:  3    Str: 10    XL:     5   Next: 94%
Magic:  2/12       EV: 14    Int: 19    God:
Gold:   112        SH:  4    Dex: 15    Spells: 3/14 levels left

rFire    . . .     SeeInvis .   q - staff of conjuration
rCold    . . .     Faith    .   l - +0 buckler
rNeg     . . .     Spirit   .   a - +0 robe
rPois    .         Reflect  .   (no helmet)
rElec    .         Harm     .   (no cloak)
rCorr    .         Rampage  .   (no gloves)
Will     .....                  (no boots)
Stlth    ..........             r - amulet of inaccuracy
HPRegen  0.19/turn              (no ring)
MPRegen  0.13/turn              (no ring)

@: berserking, lethally poisoned (-7 -> -8), very quick
A: distributed training, fangs 1, rugged brown scales 1, blurry vision 1, strong
nose
a: no special abilities


You were on level 4 of the Dungeon.
You visited 1 branch of the dungeon, and saw 4 of its levels.

You collected 112 gold pieces.

Inventory:

Hand Weapons
 u - a +3 whip of draining
Armour
 a - a +0 robe (worn)
 l - a +0 buckler (worn)
Magical Staves
 q - an uncursed staff of conjuration (weapon)
Jewellery
 r - an amulet of inaccuracy (around neck)
Scrolls
 b - a scroll of identify
 g - 3 scrolls of fog
 h - 3 scrolls of teleportation
 i - a scroll of remove curse
 j - 2 scrolls of enchant weapon
Potions
 d - a potion of ambrosia {unknown}
 f - a potion of mutation
 k - a potion of heal wounds {unknown}
 m - 2 potions of curing {unknown}
 n - a potion of brilliance {unknown}
 o - a potion of berserk rage
 p - a potion of flight {unknown}
 s - a potion of lignification {unknown}


   Skills:
 + Level 1.7 Fighting
 + Level 1.7 Short Blades
 + Level 1.7 Long Blades
 + Level 1.7 Axes
 + Level 1.7 Maces & Flails
 + Level 1.7 Polearms
 + Level 1.7 Staves
 + Level 1.7 Slings
 + Level 1.7 Bows
 + Level 1.7 Crossbows
 + Level 1.7 Throwing
 + Level 1.7 Armour
 + Level 4.9 Dodging
 + Level 4.5 Stealth
 + Level 1.7 Shields
 + Level 1.7 Unarmed Combat
 + Level 5.2 Spellcasting
 + Level 1.3 Conjurations
 + Level 1.3 Hexes
 + Level 1.3 Summonings
 + Level 1.3 Necromancy
 + Level 1.3 Translocations
 + Level 2.5 Transmutations
 + Level 1.3 Fire Magic
 + Level 1.3 Ice Magic
 + Level 1.3 Air Magic
 + Level 1.3 Earth Magic
 + Level 5.6 Poison Magic
 + Level 1.9 Invocations
 + Level 1.7 Evocations


You had 3 spell levels left.
You knew the following spells:

 Your Spells              Type           Power        Failure   Level
a - Sting                 Tmut/Pois      80%          3%          1
b - Olgreb's Toxic Radia  Pois           26%          16%         4
c - Ignite Poison         Fire/Tmut/Pois 17%          13%         3
d - Mephitic Cloud        Conj/Pois/Air  23%          16%         3

Your spell library contained the following spells:

 Spells                   Type           Power        Failure   Level
 Poisonous Vapours        Pois/Air       36%          6%          2


Dungeon Overview and Level Annotations

Branches:
Dungeon (4/15)
 Temple: D:4-7

Altars:
Sif Muna
Xom


Innate Abilities, Weirdness & Mutations

Your experience applies equally to all skills.
You have very sharp teeth.
Your uncanny sense of smell can sniff out nearby items.
You are partially covered in rugged brown scales. (AC +1, +3% HP)
Scrolls take you a little longer to read.


Message History

You take 1 damage, and have 10/38 hp.
You hear the slow hiss of a very distant avalanche of sand.
You feel sick.
You take 1 damage, and have 9/38 hp.
A quokka skeleton comes into view.
You see here a scroll of noise.
You feel sick. The iguana bites you!
* * * LOW HITPOINT WARNING * * *
You take 8 damage, and have 2/38 hp.
MASSIVE DAMAGE!!
It was a potion of mutation.
You feel extremely strange.
Your vision blurs.
Rugged brown scales grow over part of your body.
The iguana barely misses you.
Your magical contamination has completely faded away.
It was a potion of berserk rage.
A red film seems to cover your vision as you go berserk!
You feel yourself moving faster!
You feel mighty!
The orc priest invokes the aid of Beogh against you.
Beogh smites you!
You die...

∆ # †.). ∆
.#.$###.###†#
............#
..........)#
#..###.###o# #.Z #.#
#)# #.. #.# #.#####.#
..###..###.###..)....#
.......@lSoo......####
##############.##.#
#.# ... #.. .... ####
####


You could see an iguana, an orc priest, an adder, an orc and a quokka skeleton.

Vanquished Creatures
  An iguana (D:4)
  An orc wizard (D:4)
  6 adders
  An ooze (D:3)
  An adder skeleton (D:4)
  A worm (D:3)
  2 dart slugs
  2 leopard geckos
  10 orcs
  3 giant cockroaches
  4 goblins
  13 hobgoblins
  10 jackals (D:2)
  10 kobolds
  A quokka (D:3)
  A ball python (D:4)
  7 bats
  5 frilled lizards
  5 rats
84 creatures vanquished.

Notes
Turn   | Place    | Note
-------+----------+-------------------------------------------
     0 | D:1      | kaeus the Gnoll Venom Mage began the quest for the Orb.
     0 | D:1      | Reached XP level 1. HP: 13/13 MP: 6/6
   117 | D:1      | Reached XP level 2. HP: 19/19 MP: 3/7
   975 | D:2      | Reached skill level 5 in Spellcasting
   975 | D:2      | Reached XP level 3. HP: 25/25 MP: 4/9
  1105 | D:2      | Reached skill level 1 in Invocations
  1448 | D:2      | Reached skill level 1 in Fighting
  1448 | D:2      | Reached skill level 1 in Short Blades
  1448 | D:2      | Reached skill level 1 in Long Blades
  1448 | D:2      | Reached skill level 1 in Axes
  1448 | D:2      | Reached skill level 1 in Maces & Flails
  1448 | D:2      | Reached skill level 1 in Polearms
  1448 | D:2      | Reached skill level 1 in Staves
  1448 | D:2      | Reached skill level 1 in Slings
  1448 | D:2      | Reached skill level 1 in Bows
  1448 | D:2      | Reached skill level 1 in Crossbows
  1448 | D:2      | Reached skill level 1 in Throwing
  1448 | D:2      | Reached skill level 1 in Armour
  1448 | D:2      | Reached skill level 1 in Shields
  1448 | D:2      | Reached skill level 1 in Unarmed Combat
  1448 | D:2      | Reached skill level 1 in Evocations
  1677 | D:2      | Reached XP level 4. HP: 32/32 MP: 9/11
  2066 | D:2      | Learned a level 4 spell: Olgreb's Toxic Radiance
  2070 | D:2      | Learned a level 3 spell: Ignite Poison
  2074 | D:2      | Learned a level 3 spell: Mephitic Cloud
  2105 | D:2      | Found a shimmering altar of Xom.
  2184 | D:2      | Found a shimmering blue altar of Sif Muna.
  2545 | D:3      | Reached skill level 1 in Conjurations
  2545 | D:3      | Reached skill level 1 in Hexes
  2545 | D:3      | Reached skill level 1 in Summonings
  2545 | D:3      | Reached skill level 1 in Necromancy
  2545 | D:3      | Reached skill level 1 in Translocations
  2545 | D:3      | Reached skill level 1 in Fire Magic
  2545 | D:3      | Reached skill level 1 in Ice Magic
  2545 | D:3      | Reached skill level 1 in Air Magic
  2545 | D:3      | Reached skill level 1 in Earth Magic
  2745 | D:3      | Reached XP level 5. HP: 37/37 MP: 9/12
  3743 | D:4      | Gained mutation: Scrolls take you a little longer to read.
                  | [potion of mutation]
  3743 | D:4      | Gained mutation: You are partially covered in rugged brown
                  | scales. (AC +1, +3% HP) [potion of mutation]
  3744 | D:4      | Killed from afar by an orc priest

Illustrated notes

Levels and vault maps discovered:
D:1:      tarquinn_simple_flora_water_a, layout_loops_ring,
          hangedman_feature_mirror
D:2:      layout_rooms, lemuel_blue_sif_altar, lemuel_doored_altar,
          kennysheep_generic_room_6
D:3:      minmay_skewed_foursquare, layout_basic
D:4:      gammafunk_wand_slinger, layout_loops_ring, enter_ossuary_4,
          kennysheep_generic_room_10

Skill      XL: |  1  2  3  4 |
---------------+-------------+-----
Transmutations | 2 |  2.5
Spellcasting   | 5 |  5.2
Invocations    | 1 |  1.9
Fighting       | 1 |  1.7
Short Blades   | 1 |  1.7
Long Blades    | 1 |  1.7
Axes           | 1 |  1.7
Maces & Flails | 1 |  1.7
Polearms       | 1 |  1.7
Staves         | 1 |  1.7
Slings         | 1 |  1.7
Bows           | 1 |  1.7
Crossbows      | 1 |  1.7
Throwing       | 1 |  1.7
Armour         | 1 |  1.7
Shields        | 1 |  1.7
Unarmed Combat | 1 |  1.7
Evocations     | 1 |  1.7
Conjurations   | 1 |  1.3
Hexes          | 1 |  1.3
Summonings     | 1 |  1.3
Necromancy     | 1 |  1.3
Translocations | 1 |  1.3
Fire Magic     | 1 |  1.3
Ice Magic      | 1 |  1.3
Air Magic      | 1 |  1.3
Earth Magic    | 1 |  1.3
Dodging        | |  4.9
Stealth        | |  4.5
Poison Magic   | |  5.6

Action                   |  1- 3 |  4- 6 || total
-------------------------+-------+-------++-------
Melee: Unarmed           |     8 |       ||     8
       Bite              |     8 |    10 ||    18
       Dagger            |    54 |    19 ||    73
       Staff             |       |    61 ||    61
 Cast: Sting             |    44 |    48 ||    92
       Olgreb's Toxic Ra |       |     8 ||     8
       Ignite Poison     |       |     2 ||     2
  Use: Scroll            |       |     6 ||     6
       Potion            |       |     2 ||     2
 Stab: Sleeping          |     1 |       ||     1
Armor: Robe              |     5 |     8 ||    13
Dodge: Dodged            |    49 |    62 ||   111
Block: Buckler           |     2 |    13 ||    15
